AoeStats
← 从不压堡之人

Arena

508871803Analyzed
4v4 RM · 8d ago on Sep 24, 2026· 38m 41s· 8 players
Game mode
Random Map
Map size
Large (8 player)
Population
200
Speed
Normal
Resources
Standard
Victory
Conquest
Starting age
Dark Age
Ending age
Imperial Age
RankedLock teamsTeams togetherTeam positionsShared explorationLock speedFull tech treeHidden civsTurbo modeCheats
Victory
Defeat
1203
+11
🇨🇳 Teutons · China
1114
+15
🇨🇳 Spanish · China
1096
+15
🇭🇰 Danes · Hong Kong SAR China
1029
+19
🇺🇸 Aztecs · United States
1106
-16
🇬🇧 Saxons · United Kingdom
1087
-15
🇨🇳 Franks · China
1084
-15
🇹🇼 Persians · Taiwan
1057
-14
WhiteFrost
7:03 Loom
9:48 Feudal Age
15:28 Castle Age
13:48 Double-Bit Axe
14:19 Horse Collar
16:35 Bow Saw
16:36 Gold Mining
18:40 Wheelbarrow
18:58 Squires
19:08 Pikeman
20:46 Sanctity
21:37 Town Watch
25:10 Fletching
25:30 Forging
29:33 Imperial Age
28:05 Hand Cart
28:43 Redemption
29:49 Atlatl
30:56 Block Printing
30:25 Crossbowman
31:08 Bodkin Arrow
31:14 Padded Archer Armor
31:03 Arbalester
31:45 Elite Skirmisher
33:05 Conscription
35:19 Leather Archer Armor
35:04 Bracer
Mr.Young
8:42 Loom
10:51 Feudal Age
14:57 Castle Age
12:52 Double-Bit Axe
23:53 Wheelbarrow
28:26 Imperial Age
26:20 Scale Barding Armor
26:44 Gold Mining
27:25 Chain Barding Armor
28:24 Gold Shaft Mining
28:32 Forging
29:51 Plate Barding Armor
30:18 Conscription
29:36 Cavalier
30:16 Husbandry
31:51 Iron Casting
30:51 Paladin
34:20 Blast Furnace
35:09 Light Cavalry
38:24 Ballistics
38:00 Murder Holes
BGz x LH
9:40 Feudal Age
13:53 Castle Age
12:17 Double-Bit Axe
12:22 Horse Collar
17:32 Loom
18:18 Bow Saw
19:00 Heavy Plow
22:09 Fletching
22:55 Bodkin Arrow
23:02 Padded Archer Armor
24:08 Thumb Ring
23:46 Crossbowman
24:44 Fortified Wall
25:29 Wheelbarrow
25:39 Squires
26:02 Gold Mining
26:03 Stone Mining
27:23 Hand Cart
30:55 Imperial Age
29:29 Gold Shaft Mining
29:52 Ballistics
31:40 Leather Archer Armor
32:39 Two-Man Saw
32:10 Crop Rotation
32:08 Conscription
31:36 Capped Ram
32:27 Bracer
32:01 Arbalester
33:48 Chemistry
33:48 Ring Archer Armor
Superfarmer
11:24 Feudal Age
9:39 Loom
15:02 Castle Age
13:36 Double-Bit Axe
14:36 Horse Collar
20:30 Wheelbarrow
20:46 Bow Saw
22:32 Gold Mining
23:58 Hand Cart
28:13 Imperial Age
26:04 Town Watch
26:33 Scale Barding Armor
26:38 Forging
26:47 Stone Mining
27:20 Bloodlines
27:10 Husbandry
27:48 Chain Barding Armor
27:51 Cavalier
29:08 Iron Casting
29:36 Gold Shaft Mining
29:47 Plate Barding Armor
29:56 Savar
32:16 Blast Furnace
31:17 Fletching
31:56 Ballistics
31:52 Murder Holes
32:08 Masonry
33:04 Conscription
32:48 Kamandaran
32:54 Bodkin Arrow
35:10 Padded Archer Armor
34:35 Elite War Elephant
35:04 Crossbowman
35:50 Thumb Ring
35:39 Pikeman
36:19 Squires
36:04 Arson
36:21 Scale Mail Armor
36:36 Leather Archer Armor
36:52 Halberdier
我不是蓝精灵
11:06 Feudal Age
14:49 Castle Age
12:47 Double-Bit Axe
12:54 Horse Collar
14:53 Wheelbarrow
14:44 Town Watch
16:07 Heavy Plow
16:18 Bow Saw
17:44 Loom
20:14 Hand Cart
22:01 Gold Mining
23:47 Town Patrol
26:00 Stone Mining
30:15 Imperial Age
27:45 Man-at-Arms
28:10 Gambesons
28:28 Squires
28:14 Arson
28:44 Scale Mail Armor
28:55 Forging
28:25 Pikeman
28:48 Long Swordsman
29:57 Chain Mail Armor
29:41 Fletching
30:55 Iron Casting
31:40 Plate Mail Armor
32:24 Two-Man Saw
30:52 Two-Handed Swordsman
31:42 Bodkin Arrow
31:25 Halberdier
32:20 Champion
35:08 Crenellations
36:02 Blast Furnace
35:14 Caravan
36:21 Conscription
从不压堡之人
11:09 Feudal Age
14:55 Castle Age
13:20 Double-Bit Axe
13:45 Horse Collar
15:45 Bow Saw
19:37 Wheelbarrow
19:50 Town Watch
20:33 Loom
22:52 Hand Cart
23:39 Heavy Plow
25:17 Fletching
27:11 Caravan
27:57 Gold Mining
31:08 Imperial Age
30:01 Ballistics
29:37 Bodkin Arrow
29:48 Scale Barding Armor
29:51 Devotion
30:33 Fervor
30:28 Inquisition
31:19 Redemption
31:30 Sanctity
32:54 Two-Man Saw
32:18 Atonement
32:43 Illumination
33:30 Chemistry
32:42 Guilds
33:31 Block Printing
33:25 Bracer
35:07 Husbandry
35:17 Bloodlines
36:30 Theocracy
36:21 Illumination
36:34 Guard Tower
36:40 Murder Holes
36:30 Arrowslits
36:40 Murder Holes
36:30 Arrowslits
38:27 Keep
38:02 Masonry
38:14 Chain Barding Armor
38:21 Padded Archer Armor
夜清尘
10:44 Feudal Age
14:20 Castle Age
12:09 Horse Collar
12:19 Double-Bit Axe
12:32 Horse Collar
15:34 Wheelbarrow
14:45 Loom
15:34 Bow Saw
24:46 Town Watch
27:19 Gold Mining
27:22 Stone Mining
27:58 Scale Mail Armor
28:08 Forging
30:39 Imperial Age
28:25 Hand Cart
28:11 Town Patrol
28:03 Arson
28:19 Squires
28:04 Gambesons
30:00 Gold Shaft Mining
30:00 Stone Shaft Mining
30:20 Chain Mail Armor
30:40 Iron Casting
29:41 Hamask
31:02 Ballistics
30:38 Murder Holes
30:45 Capped Ram
31:47 Conscription
30:49 Elite Jomsviking
31:47 Elite Varangian Guard
33:03 Plate Mail Armor
33:33 Blast Furnace
32:39 Caravan
35:08 Siege Ram
37:15 Northmen's Fury
我独自送头 Solo Feeding
10:36 Feudal Age
11:53 Double-Bit Axe
14:37 Castle Age
12:19 Horse Collar
15:27 Wheelbarrow
21:48 Bow Saw
21:30 Gold Mining
22:14 Loom
27:23 Imperial Age
25:20 Heavy Plow
25:48 Scale Barding Armor
25:54 Forging
26:10 Hand Cart
26:30 Stone Mining
27:02 Bloodlines
26:53 Husbandry
28:30 Chain Barding Armor
28:46 Iron Casting
27:41 Cavalier
29:36 Two-Man Saw
29:27 Caravan
30:04 Plate Barding Armor
30:20 Conscription
29:51 Loom
31:50 Blast Furnace
30:32 Vendel Legacy
33:33 Guilds
34:25 Capped Ram
Connection lost

Rejoining the realm…

Still unreachable

The connection could not be restored.

Session expired

The server has moved on; the page needs a fresh start.